 Dungeon Crawl Stone Soup version 0.27-a0-951-gae3e1de (webtiles) character file.

Game seed: 4732811696371293806

1555 Nithhogg the Unbeliever (level 8, -2/64 HPs)
             Began as a Demonspawn Fighter on Apr 11, 2021.
             Slain by an orc warrior
             ... wielding a +1 glaive of freezing
              (20 damage)
             ... on level 6 of the Dungeon.
             The game lasted 00:08:21 (8018 turns).

Nithhogg the Unbeliever (Demonspawn Fighter)        Turns: 8018, Time: 00:08:21

Health: -2/64      AC:  7    Str: 19    XL:     8   Next: 58%
Magic:  12/12      EV:  7    Int:  9    God:
Gold:   452        SH: 11    Dex: 13    Spells: 7/7 levels left

rFire    . . .     SeeInvis .   a - +1 long sword
rCold    . . .     Faith    .   c - +1 kite shield
rNeg     . . .     Spirit   .   b - +0 scale mail
rPois    .         Reflect  .   (no helmet)
rElec    .         Harm     .   (no cloak)
rCorr    .         Rampage  .   (gloves unavailable)
Will     .....                  (no boots)
Stlth    ..........             (no amulet)
HPRegen  0.20/turn              (no ring)
MPRegen  0.13/turn              (no ring)

@: no status effects
A: claws 3, foul stench 2, demonic magic 1
a: no special abilities


You were on level 6 of the Dungeon.
You visited 1 branch of the dungeon, and saw 6 of its levels.

You collected 452 gold pieces.

Inventory:

Hand Weapons
 a - a +1 long sword (weapon)
Armour
 b - a +0 scale mail (worn)
 c - a +1 kite shield (worn)
Wands
 g - a wand of paralysis (10)
 m - a wand of polymorph (8)
 n - a wand of random effects (17)
Scrolls
 f - a scroll of identify
 l - 2 scrolls of teleportation
 o - a scroll of magic mapping
Potions
 d - a potion of might
 e - a potion of attraction {unknown}
 h - a potion of magic {unknown}
 i - 3 potions of curing
 j - a potion of heal wounds {unknown}
 k - 2 potions of degeneration {unknown}


   Skills:
 + Level 5.6 Fighting
 + Level 4.7 Long Blades
 + Level 5.1 Armour
 + Level 5.1 Shields
 + Level 6.1 Invocations


You had 7 spell levels left.
You didn't know any spells.
Your spell library contained the following spells:

 Spells                   Type           Power      Damage    Failure   Level
 Magic Dart               Conj           0%         1d3       99%         1
 Blink                    Tloc           N/A        N/A       99%         2
 Call Imp                 Summ           0%         N/A       99%         2
 Slow                     Hex            0%         N/A       99%         2
 Conjure Flame            Conj/Fire      0%         6-21      100%        3
 Mephitic Cloud           Conj/Pois/Air  0%         N/A       100%        3


Dungeon Overview and Level Annotations

Branches:
Dungeon (6/15)
 Temple: D:4-7

Altars:
Elyvilon
Hepliaklqana
Okawaru
Ru
Yredelemnul

Shops:
D:3 (   D:4 [


Innate Abilities, Weirdness & Mutations

You have claws for hands.
You sometimes emit foul miasma when damaged in melee.
Spells you cast may paralyse adjacent enemies.


Message History

The orc warrior hits you from afar with a +1 glaive of freezing!
The orc warrior freezes you. Something hits you.
You are too injured to fight recklessly!
You are too injured to fight recklessly!
You are too injured to fight recklessly!
You are too injured to fight recklessly!
You are too injured to fight recklessly!
Something hits you but does no damage.
There is an open door here.
You slash the orc!
You kill the orc!
You hear some strange, mumbled words.
Something tries to affect you, but you resist.
The orc warrior hits you from afar with a +1 glaive of freezing!!
* * * LOW HITPOINT WARNING * * *
The orc warrior freezes you!
* * * LOW HITPOINT WARNING * * *
You feel better. You block the orc warrior's attack.
The orc throws a boomerang.
The boomerang hits you.
* * * LOW HITPOINT WARNING * * *
You closely miss the orc warrior. You slash the orc warrior!
The orc warrior is moderately wounded.
The orc warrior hits you but does no damage.
You completely miss the orc warrior.
The orc warrior is moderately wounded.
You block the orc warrior's attack.
You barely miss the orc warrior.
The orc warrior is moderately wounded.
You block the orc warrior's attack.
Your shield and scale mail prevent you from hitting the orc warrior.
The orc warrior is moderately wounded.
You block the orc warrior's attack. The orc completely misses you.
You riposte.
You completely miss the orc. You hit the orc warrior.
The orc warrior is heavily wounded.
You block the orc warrior's attack. The orc hits you with a +0 mace.
* * * LOW HITPOINT WARNING * * *
The orc warrior hits you with a +1 glaive of freezing!!
You die...

..#.....'...'.....#
..#.....#...#.....#
..#.....#...#.....#
.##..####.###############
.##..####.#.............#
......#...'.............#
......#...#.............#
......#...#.............#
###########.....@o......#
..............###o#.....#
.........|....#.{.#.....#
..............#...#.....#
..............#...#.....#
..............#...#.....#
......###+#####...#.....#
####### ....#.....#
.....#.....#


You could see an orc warrior and an orc.

Vanquished Creatures
  Grinder (D:5)
  A water moccasin (D:5)
  An ogre (D:4)
  2 black bears
  2 necrophages
  2 centaurs
  A scorpion (D:4)
  A wyvern skeleton (D:5)
  2 water moccasin skeletons (D:5)
  A hound (D:3)
  An orc priest (D:6)
  A centaur skeleton (D:5)
  Crazy Yiuf (D:5)
  Ijyb (D:3)
  Terence (D:3)
  A scorpion zombie (D:5)
  11 gnolls (D:5)
  6 adders
  A white imp (D:6)
  An adder zombie (D:5)
  3 dart slugs
  8 orcs
  6 ball pythons
  10 endoplasms
  A giant cockroach (D:2)
  7 goblins
  8 hobgoblins
  8 jackals
  2 quokkas
  7 bats
  4 frilled lizards
  4 kobolds
  7 rats
  A spectral orc (D:3)
  A toadstool (D:4)
116 creatures vanquished.

Vanquished Creatures (others)
  A plant (D:2)
  3 toadstools (D:4)
4 creatures vanquished.

Grand Total: 120 creatures vanquished

Notes
Turn   | Place    | Note
-------+----------+-------------------------------------------
     0 | D:1      | Nithhogg the Demonspawn Fighter began the quest for the
                  | Orb.
     0 | D:1      | Reached XP level 1. HP: 18/18 MP: 1/1
   261 | D:1      | Gained mutation: You may rarely emit foul miasma when
                  | damaged in melee. [demonic ancestry]
   261 | D:1      | Reached XP level 2. HP: 23/24 MP: 2/2
   286 | D:1      | Reached skill level 1 in Invocations
   927 | D:1      | Gained mutation: You have sharp fingernails. [demonic
                  | ancestry]
   927 | D:1      | Reached XP level 3. HP: 29/29 MP: 4/4
  1176 | D:1      | Found a faded altar of an unknown god.
  1942 | D:3      | Reached skill level 2 in Invocations
  1942 | D:3      | Reached XP level 4. HP: 25/35 MP: 5/5
  1951 | D:2      | HP: 1/35 [endoplasm/Freeze (5)]
  2295 | D:3      | You fall into a shaft and drop 3 floors!
  2310 | D:6      | Found an iron altar of Okawaru.
  2319 | D:5      | Entered Level 5 of the Dungeon
  2322 | D:4      | Noticed an ogre
  2470 | D:3      | Noticed Ijyb
  2482 | D:3      | Killed Ijyb
  2572 | D:3      | Found Vorual's Weapon Shop.
  2616 | D:3      | Noticed Terence
  2619 | D:3      | Killed Terence
  2751 | D:3      | Found a basalt altar of Yredelemnul.
  2864 | D:3      | Gained mutation: You have very sharp fingernails. [demonic
                  | ancestry]
  2864 | D:3      | Reached XP level 5. HP: 31/42 MP: 6/6
  2955 | D:3      | Found a sacrificial altar of Ru.
  3035 | D:3      | Found a hazy altar of Hepliaklqana.
  3179 | D:4      | Noticed a black bear
  3247 | D:4      | Killed a black bear
  3248 | D:4      | Reached skill level 3 in Invocations
  3469 | D:4      | Killed an ogre
  3470 | D:4      | Gained mutation: You sometimes emit foul miasma when
                  | damaged in melee. [demonic ancestry]
  3470 | D:4      | Reached XP level 6. HP: 19/48 MP: 8/8
  4382 | D:4      | Found Ketiel's Antique Armour Boutique.
  4642 | D:5      | Reached skill level 4 in Invocations
  4642 | D:5      | Gained mutation: Spells you cast may paralyse adjacent
                  | enemies. [demonic ancestry]
  4642 | D:5      | Reached XP level 7. HP: 23/55 MP: 8/10
  6195 | D:5      | Noticed Grinder
  6195 | D:5      | Paralysed by Grinder for 6 turns
  6208 | D:5      | Paralysed by Grinder for 4 turns
  6220 | D:5      | Paralysed by Grinder for 3 turns
  6223 | D:5      | Killed Grinder
  6224 | D:5      | Reached skill level 5 in Fighting
  6224 | D:5      | Reached skill level 5 in Invocations
  6224 | D:5      | Gained mutation: You have claws for hands. [demonic
                  | ancestry]
  6224 | D:5      | Reached XP level 8. HP: 36/62 MP: 11/11
  6506 | D:5      | Found a runed translucent door.
  6507 | D:5      | Noticed Crazy Yiuf
  6576 | D:5      | Killed Crazy Yiuf
  7544 | D:6      | Reached skill level 5 in Armour
  7544 | D:6      | Reached skill level 5 in Shields
  7881 | D:6      | Reached skill level 6 in Invocations
  8018 | D:6      | Slain by an orc warrior

Illustrated notes

Levels and vault maps discovered:
D:1:      matt_arrival_los_fun, layout_loops_ring,
          chequers_ecumenical_altar_island
D:2:      cheibrodos_old_hovel, layout_loops_cross, minmay_tree_intersection
D:3:      layout_rooms, lemuel_coloured_pillars_altar,
          yredelemnul_forgotten_temple_becter, nicolae_hepliaklqana_hippocampus,
          serial_aquarium, aquarium_bridge_long_separate
          [aquarium_subvault_bridge, aquarium_subvault_window,
          aquarium_subvault_bridge, aquarium_subvault_bridge,
          aquarium_subvault_wall, aquarium_subvault_wall],
          aquarium_bridge_square [aquarium_subvault_window,
          aquarium_subvault_balcony, aquarium_subvault_window,
          aquarium_subvault_bridge], aquarium_window_fake, aquarium_window_fake,
          aquarium_window_fake, aquarium_view_2e, aquarium_pool_1, serial_shops,
          nicolae_shop_behind_doors, uniq_ijyb, uniq_terence
D:4:      layout_basic, serial_shops, shop, minmay_gold_behind_fungi
D:5:      layout_loops_corners, nicolae_elyvilon_temple_path,
          chequers_serial_rivers_large_b, uniq_grinder, uniq_crazy_yiuf_cottage
D:6:      layout_gridville, lemuel_crystal_altar

Skill      XL: |  1  2  3  4  5  6  7  8 |
---------------+-------------------------+-----
Long Blades    | 2 3 4 |  4.7
Invocations    | 1 2 3 4 5 6 |  6.1
Armour         | 3 4 5 |  5.1
Shields        | 3 4 5 |  5.1
Fighting       | 4 5 |  5.6

Action                   |  1- 3 |  4- 6 |  7- 9 || total
-------------------------+-------+-------+-------++-------
Melee: Long sword        |   126 |   130 |   159 ||   415
  Use: Scroll            |       |     8 |       ||     8
       Potion            |       |       |     1 ||     1
Armor: Scale mail        |    71 |    54 |    66 ||   191
Dodge: Dodged            |    45 |    56 |    48 ||   149
Block: Kite shield       |    65 |    90 |   119 ||   274
       Rpst.: Long sword |    10 |    13 |    10 ||    33

Table legend: (Time is in decaauts)
 A = Elapsed time spent in this place.
 B = Non-inter-level travel time spent in this place.
 C = Inter-level travel time spent in this place.
 D = Time resting spent in this place.
 E = Time spent auto-exploring this place.
 F = Levels seen in this place.
 G = Mean time per level.
                   A        B        C        D        E       F      G
               +--------+--------+--------+--------+--------+-----+--------+
         Total |   8255 |   8060 |    195 |    881 |   6059 |   6 | 1375.8 |
       Dungeon |   8255 |   8060 |    195 |    881 |   6059 |   6 | 1375.8 |
               +--------+--------+--------+--------+--------+-----+--------+

Top non-repeatable levels by time:
     D:5: 2857 daAuts
     D:1: 1457 daAuts
     D:4: 1300 daAuts
     D:3: 1146 daAuts
     D:2: 868 daAuts
     D:6: 624 daAuts
